[Event "*** Titled Tuesday Blitz"]
[Site "Chess.com"]
[Date "2020.04.14"]
[Round "1"]
[White "rasmussvane"]
[Black "evgenyermolaev"]
[Result "1-0"]
[WhiteElo "2880"]
[BlackElo "2469"]
[TimeControl "180+1"]
[EndTime "10:08:27 PDT"]
[Termination "rasmussvane won by checkmate"]

1. Nf3 Nf6 2. c4 g6 3. Nc3 Bg7 4. e4 c5 5. d4 cxd4 6. Nxd4 Nc6 7. Be3 d6 8. Be2 O-O 9. O-O Bd7 10. Nc2 Rc8 11. f4 Qa5 12. a3 a6 13. Rc1 h5 14.
b4 Qd8 15. h3 h4 16. Bf2 Nh5 17. Bxh5 Bxc3 18. Bg4 Bb2 19. Rb1 Bf6 20. Ne3 Nb8 21. Qe2 e6 22. Rbd1 Be7 23. f5 Kg7 24.
fxe6 fxe6 25. e5 Nc6 26. exd6 Bf6 27. c5 Ne5 28. Qc2 Qe8 29. Be2 Ba4 30. Qe4 Bxd1 31. Rxd1 Qc6 32. Qxc6 Nxc6 33. Ng4 Bg5 34. Bf3 Rf7 35.
Bxc6 bxc6 36. Bd4+ Kh7 37. Re1 Re8 38. Ne5 Rf4 39.
Nxc6 Rf7 40. Ne5 Rf4 41. Nc6 Rf7 42. Be3 Bf6 43. Rd1 e5 44. d7 Ra8 45. d8=Q Bxd8 46.
Nxd8 Rc7 47. c6 Rcc8 48. Bb6 Rab8 49. Ba5 e4 50. Kf2 Rb5 51. Ke3 Re5 52. c7 Re7 53. Nc6 Re6 54. Rd8 Rxc7 55. Bxc7 Rxc6 56. Be5 Rc2 57. Rh8# 1-0

[Event "*** Titled Tuesday Blitz"]
[Site "Chess.com"]
[Date "2020.04.14"]
[Round "1"]
[White "Mbneu"]
[Black "Ind1anStar"]
[Result "1/2-1/2"]
[WhiteElo "2231"]
[BlackElo "2592"]
[TimeControl "180+1"]
[EndTime "10:08:28 PDT"]
[Termination "Game drawn by repetition"]

1. d4 e6 2. c4 d5 3. Nc3 Be7 4.
Nf3 Nf6 5. g3 O-O 6. Bg2 dxc4 7.
Ne5 Nc6 8. Bxc6 bxc6 9. Nxc6 Qe8 10. Nxe7+ Qxe7 11. Qa4 e5 12. dxe5 Qxe5 13. Qxc4 Be6 14.
Bf4 Qh5 15. Qa4 Rfe8 16. O-O-O Ng4 17. Rd2 Nxf2 18. Rf1 Ng4 19. h4 Qc5 20. Qb5 Qe7 21. Qg5 f6 22. Qa5 Rec8 23. h5 c5 24. h6 g6 25. Bd6 Qf7 26. Ne4 Bf5 27. Rf4 Nxh6 28. Nc3 Rd8 29. Bxc5 Rxd2 30. Kxd2 Rb8 31. b3 Qd7+ 32.
Rd4 Qf7 33. Rd8+ Rxd8+ 34. Qxd8+ Kg7 35. Nd5 Ng4 36. Be7 Be4 37. Nf4 Bf5 38. Qd6 Nf2 39. Ke3 Ne4 40. Qd8 Nxg3 41. Nd5 Nh5 42. Kd4 Be6 43. e4 g5 44. Qd6 Kg6 45. Kc5 Ng7 46. Bf8 Ne8 47. Qe7 Bxd5 48. exd5 Qxe7+ 49. Bxe7 h5 50. d6 Nxd6 51. Bxd6 f5 52. Kd4 f4 53.
Ke4 h4 54. Bb8 h3 55. Kf3 g4+ 56. Kf2 Kf5 57. Bxa7 f3 58. Kg3 Ke4 59. b4 Kd5 60. Bf2 Kc4 61. a3 Kb5 62. Bg1 Ka4 63. Bf2 Kb5 64.
Bg1 Ka4 65. Bf2 Kb5 1/2-1/2

[Event "*** Titled Tuesday Blitz"]
[Site "Chess.com"]
[Date "2020.04.14"]
[Round "1"]
[White "tornikesanikidze"]
[Black "Tiqr777"]
[Result "1-0"]
[WhiteElo "2327"]
[BlackElo "2643"]
[TimeControl "180+1"]
[EndTime "10:08:29 PDT"]
[Termination "tornikesanikidze won by resignation"]

1. d4 Nf6 2. c4 c5 3. d5 e6 4. Nc3 exd5 5. cxd5 d6 6. Nf3 g6 7. Bf4 a6 8. a4 Bg7 9. e3 O-O 10. h3 Qc7 11. Be2 Nbd7 12. Nd2 Re8 13. O-O Ne5 14.
Bh2 Rb8 15. Re1 Re7 16. f4 Ned7 17. e4 Ne8 18. Qc2 b6 19. Kh1 Bb7 20. Bf3 Ba8 21. Qd3 Qb7 22. Nc4 b5 23. Na5 Qb6 24. axb5 axb5 25.
Nc6 Bxc6 26. dxc6 c4 27. Qd2 Bxc3 28. Qxc3 Nc5 29. Bg1 Nc7 30. e5 dxe5 31. Rxe5 Rxe5 32. Qxe5 N7e6 33. f5 gxf5 34. Qxf5 Rd8 35. Be4 Nxe4 36. Qxe4 Qc7 37. Ra7 Qf4 38. Qxf4 Nxf4 39. Rd7 Rc8 40. c7 Ne6 41. Bb6 Kg7 42. Rd8 Rxc7 43. Bxc7 Nxc7 44. Kg1 Kf6 45. Kf1 Ke5 46. Rd7 Nd5 47. Rxf7 b4 48. Ke2 Kd4 49. Rxh7 Nf4+ 50. Kd2 Nxg2 51. h4 c3+ 52.
bxc3+ bxc3+ 53. Kc1 Ne3 54. h5 Ke5 55. Rg7 Kf6 56.
Rg1 Nf5 57. Kc2 Nh6 58. Kxc3 Kf7 59. Kd4 Nf5+ 60. Ke5 Nh4 61. Rg3 Kf8 62. Kf4 Kf7 63.
Kg5 1-0

[Event "*** Titled Tuesday Blitz"]
[Site "Chess.com"]
[Date "2020.04.14"]
[Round "1"]
[White "wnstop"]
[Black "AnnaChessLook"]
[Result "1/2-1/2"]
[WhiteElo "2593"]
[BlackElo "2233"]
[TimeControl "180+1"]
[EndTime "10:08:32 PDT"]
[Termination "Game drawn by repetition"]

1. e4 c5 2. Nf3 Nc6 3. Nc3 g6 4. d4 cxd4 5. Nxd4 Bg7 6. Be3 Nf6 7. Bc4 O-O 8. Bb3 a5 9. O-O a4 10. Nxa4 Nxe4 11. c4 d6 12. Re1 Bd7 13. Nb5 Nf6 14. Bb6 Qc8 15. Nc7 Rxa4 16. Bxa4 Bg4 17. f3 Bf5 18.
Nd5 Nxd5 19. cxd5 Ne5 20. Rc1 Qa8 21. Rc7 Nd3 22. Bb3 Nxe1 23. Qxe1 Qa6 24. Bf2 Bf6 25. Qd2 Bd3 26. g3 Be2 27. Kg2 Bf1+ 28. Kg1 Be2 29. Kg2 Bf1+ 30. Kg1 Bh3 31. Bc4 Qa4 32. b3 Qa8 33. Qh6 Bf5 34. g4 Bb1 35. g5 Bg7 36. Qh4 Qxa2 37. Rxe7 Qd2 38. Re1 Bf5 39. Qg3 Bc3 40. Rf1 Bd3 41. Bxd3 Qxd3 42. f4 Qc2 43. h4 Bg7 44. h5 Re8 45. h6 Bb2 46. Re1 Rxe1+ 47.
Bxe1 Bd4+ 48. Bf2 Bxf2+ 49. Qxf2 Qxb3 50. Qd4 Qb1+ 51. Kg2 Qc2+ 52. Kg3 Qb3+ 53. Kh4 Kf8 54. Qh8+ Ke7 55. Qf6+ Ke8 56. Qh8+ Ke7 57. Qxh7 Qf3 58. Qg7 Qxf4+ 59. Kh3 Qf3+ 60. Kh2 Qf2+ 61. Kh1 Qf1+ 62. Kh2 Qf2+ 63. Kh1 Qf1+ 64. Kh2 Qf2+ 1/2-1/2

[Event "*** Titled Tuesday Blitz"]
[Site "Chess.com"]
[Date "2020.04.14"]
[Round "1"]
[White "zurzan"]
[Black "NovakCabarkapa"]
[Result "0-1"]
[WhiteElo "1944"]
[BlackElo "2522"]
[TimeControl "180+1"]
[EndTime "10:08:32 PDT"]
[Termination "NovakCabarkapa won by checkmate"]

1. d4 Nf6 2. Nc3 e6 3. Bf4 Bb4 4. e3 O-O 5. Bd3 d6 6. Ne2 Nbd7 7.
O-O e5 8. Bg3 c6 9. e4 exd4 10.
Nxd4 Bxc3 11. bxc3 Nc5 12. Re1 Re8 13. f3 Nh5 14.
Bf2 Nf4 15. Bf1 Qg5 16. Kh1 Qh5 17. g3 Nh3 18. Bg1 Nxg1 19. Kxg1 Bh3 20. Be2 Rad8 21.
f4 Qh6 22. Bf3 Ne6 23. Nf5 Bxf5 24. exf5 Nc5 25. Rb1 Qf6 26. Qd4 Rxe1+ 27. Rxe1 Kf8 28. Qxf6 gxf6 29. Re3 d5 30. Kf2 Re8 31. g4 b5 32.
h4 Na4 33. Rd3 Nb2 34. Rd2 Nc4 35. Rd3 a5 36. g5 a4 37. h5 fxg5 38. fxg5 Re5 39.
Bg4 a3 40. g6 hxg6 41. hxg6 fxg6 42. fxg6 Kg7 43. Bd7 Na5 44. Rg3 Re7 45. Bf5 Re5 46.
Bd3 Nb7 47. Rf3 Nc5 48. Rf7+ Kg8 49. Rc7 Re6 50. g7 Na4 51. Bf5 Rf6 52. Ke3 Rxf5 53. Rxc6 Kxg7 54. Rd6 Nxc3 55. Kd4 Nxa2 56. Rd7+ Kf6 57.
Rxd5 Rxd5+ 58. Kxd5 Nb4+ 59. Kc5 a2 60. Kxb4 a1=Q 61.
Kxb5 Ke5 62. c4 Qc3 63. c5 Kd5 64. c6 Qxc6+ 65. Kb4 Qc4+ 66. Ka3 Qb5 67. Ka2 Qb4 68. Ka1 Kc4 69. Ka2 Kc3 70. Ka1 Qb2# 0-1

[Event "*** Titled Tuesday Blitz"]
[Site "Chess.com"]
[Date "2020.04.14"]
[Round "1"]
[White "RovenVogel"]
[Black "FeketeBarika"]
[Result "0-1"]
[WhiteElo "2621"]
[BlackElo "2311"]
[TimeControl "180+1"]
[EndTime "10:08:34 PDT"]
[Termination "FeketeBarika won by resignation"]

1. d4 e6 2. c4 Nf6 3. Nf3 d5 4.
Nc3 Be7 5. Bf4 O-O 6. e3 Nbd7 7.
c5 c6 8. h3 Re8 9. Be2 Nf8 10.
O-O Ng6 11. Bh2 Bf8 12. b4 Nd7 13. Bd3 Nh4 14. Nxh4 Qxh4 15. f4 g6 16. b5 Bg7 17.
bxc6 bxc6 18. Qa4 Bb7 19. Qa5 Qd8 20. Qa3 a5 21. Rab1 Ba6 22. Bxa6 Rxa6 23. Rb7 Ra8 24. Qa4 Qc8 25. Rb3 Qa6 26. Rd1 Rab8 27. Bg3 Rxb3 28.
axb3 Nxc5 29. Qa3 Nd7 30. b4 Ra8 31. Ra1 Nb6 32. bxa5 Nc4 33. Qc1 c5 34. dxc5 Qc6 35. Bf2 Qxc5 36. a6 Qc6 37. a7 Nb6 38. Ra6 Bxc3 39. Ra3 d4 40. exd4 Nd5 41. Kh2 Qc7 42. g3 Rxa7 43. Rxa7 Qxa7 44. Qc2 Qa6 45. Kg2 Qc4 46.
Kf3 Qb4 47. Qe4 Qb3 48. Kg2 Qb2 49. h4 h5 50. Qe5 Qd2 51. Qe4 Kg7 52. Qe5+ Kh7 53. Qe4 Nf6 54. Qe5 Ng4 0-1

[Event "*** Titled Tuesday Blitz"]
[Site "Chess.com"]
[Date "2020.04.14"]
[Round "1"]
[White "Training_Day"]
[Black "SmoothAsAHedgehog"]
[Result "0-1"]
[WhiteElo "2313"]
[BlackElo "2660"]
[TimeControl "180+1"]
[EndTime "10:08:35 PDT"]
[Termination "SmoothAsAHedgehog won on time"]

1. e4 e5 2. Bc4 Nf6 3. d3 c6 4. Nf3 d5 5. Bb3 Bb4+ 6. Bd2 Bxd2+ 7. Nbxd2 Qd6 8. O-O O-O 9. Re1 Re8 10. d4 Nbd7 11. exd5 cxd5 12. dxe5 Nxe5 13. Nxe5 Rxe5 14. Nf3 Rxe1+ 15.
Qxe1 Be6 16. Qe5 Qxe5 17. Nxe5 Kf8 18. Rd1 Ke7 19. f3 g5 20. c3 Rc8 21. Kf2 Kd6 22. Nd3 a5 23. h4 h6 24. hxg5 hxg5 25. Rh1 b5 26. a3 Bf5 27. Ke3 Bxd3 28. Kxd3 Nd7 29. Rh6+ Ke5 30. Ke3 Nc5 31. Bc2 Ne6 32. g3 f6 33. Bd3 b4 34. axb4 axb4 35. cxb4 Rb8 36. b5 d4+ 37. Kd2 Nc5 38. f4+ gxf4 39. gxf4+ Ke6 40. Rh5 Kd6 41. Rf5 Nd7 42. b4 Rh8 43. Bc4 Rh3 44. Rd5+ Kc7 45. Rxd4 Rf3 46. Ke2 Rc3 47. Be6 Nb6 48. f5 Rh3 49. Rg4 Kd6 50. Rg7 Rh4 51. Rb7 Na4 52. Rd7+ Ke5 53. Ke3 Rh3+ 54.
Ke2 Nc3+ 55. Kd2 Ne4+ 56. Kc2 Nd6 57. b6 Rh4 0-1

[Event "*** Titled Tuesday Blitz"]
[Site "Chess.com"]
[Date "2020.04.14"]
[Round "1"]
[White "Sviridov_Valery"]
[Black "SlavenPastar"]
[Result "1-0"]
[WhiteElo "2812"]
[BlackElo "2427"]
[TimeControl "180+1"]
[EndTime "10:08:37 PDT"]
[Termination "Sviridov_Valery won on time"]

1. Nf3 b6 2. g3 Bb7 3. Bg2 e6 4. O-O Nf6 5. c4 Be7 6. d4 O-O 7. d5 Re8 8. Nc3 a5 9. Nd4 Na6 10. d6 Bxg2 11. dxe7 Qxe7 12. Kxg2 Nc5 13. e4 Ncxe4 14.
Nxe4 Nxe4 15. Re1 Nc5 16. b3 d6 17. Qf3 Qf6 18. Bb2 e5 19. Qxf6 gxf6 20. Nf5 a4 21. Ba3 Ne6 22. b4 h5 23. h4 Kh7 24. Ne3 Kg6 25.
Nd5 Ra7 26. Rad1 f5 27. Bc1 Rb8 28. Ne7+ Kf6 29. Nc6 Rba8 30. Nxa7 Rxa7 31. f4 e4 32. Bb2+ Ke7 33. a3 c5 34. b5 Nc7 35. Rd2 Ra8 36. Red1 Rd8 37. Be5 Ne8 38. Rd5 f6 39. Bb2 Ke6 40.
R5d2 Rd7 41. Kf2 Rd8 42. Ke3 Rd7 43. Rh1 Rg7 44. Rg1 Rg4 45. Kf2 Ke7 46. Bc3 Ke6 47. Rdd1 Rg7 48. Bd2 Rg8 49. Be3 Rg7 50. g4 fxg4 51.
f5+ Kxf5 52. Rd5+ Kg6 53. Bf4 Rd7 54. Rgd1 Kf7 55. Bxd6 Ke6 56. Bf4 Rh7 57. Kg3 Ng7 58.
Rd6+ Kf7 59. Rd7+ Kg6 60. Kf2 Rh8 61. R1d6 Nf5 62. Rxb6 Nxh4 63. Rdd6 Rf8 64. Be5 e3+ 65. Kxe3 Nf5+ 66. Kf4 Nxd6 67. Bxd6 Re8 68. Bxc5 Re1 69. Bd4 Rf1+ 70. Kg3 Rf3+ 71. Kg2 h4 72. Rxf6+ Rxf6 73. Bxf6 Kxf6 74. b6 Ke5 75. b7 1-0

[Event "*** Titled Tuesday Blitz"]
[Site "Chess.com"]
[Date "2020.04.14"]
[Round "1"]
[White "pooh2012"]
[Black "Treacherous_horse64"]
[Result "1-0"]
[WhiteElo "2580"]
[BlackElo "2200"]
[TimeControl "180+1"]
[EndTime "10:08:40 PDT"]
[Termination "pooh2012 won by resignation"]

1. Nf3 Nf6 2. g3 d5 3. Bg2 h6 4.
O-O Bf5 5. d3 e6 6. c4 c6 7.
cxd5 exd5 8. Nc3 Be7 9. Qb3 Qb6 10. Qc2 O-O 11. e4 dxe4 12. dxe4 Bh7 13. Be3 Qa5 14. Rad1 Nbd7 15. Nd2 Rfe8 16. Rfe1 Rad8 17. Nc4 Qa6 18. Bf1 b5 19. Nd6 Bxd6 20. Rxd6 Ne5 21.
Rxd8 Rxd8 22. Rd1 Rxd1 23. Qxd1 Bg6 24. Bd4 Bh5 25. Be2 Bxe2 26. Qxe2 Ned7 27. e5 Ne8 28. e6 Nf8 29. exf7+ Kxf7 30. Qh5+ g6 31. Qxh6 b4 32. Qf4+ Ke7 33. Qe5+ Ne6 34. Ne4 Qc4 35.
Bc5+ Kd7 36. Be3 Qd5 37. Nf6+ Nxf6 38. Qxf6 Qd1+ 39. Kg2 Qd5+ 40. Qf3 Qd6 41. Bxa7 c5 42. Qb7+ Nc7 43. a3 bxa3 44. bxa3 c4 45. Be3 c3 46. a4 c2 47. a5 Qd5+ 48. Qxd5+ Nxd5 49. Bc1 Nb4 50. Kf3 Nd3 51. Bd2 c1=Q 52. Bxc1 Nxc1 53. Kg4 Nd3 54. f4 Nf2+ 55. Kg5 Nd1 56. Kxg6 Ne3 57. f5 Ng4 58. f6 Nxh2 59. f7 Ke7 60.
Kg7 1-0

[Event "*** Titled Tuesday Blitz"]
[Site "Chess.com"]
[Date "2020.04.14"]
[Round "1"]
[White "H3nriqueTV"]
[Black "Ba_clbaf_osed_ingo_3v21"]
[Result "1/2-1/2"]
[WhiteElo "2226"]
[BlackElo "2587"]
[TimeControl "180+1"]
[EndTime "10:08:43 PDT"]
[Termination "Game drawn by agreement"]

1. b3 Nf6 2. Bb2 g6 3. e4 Bg7 4.
d3 O-O 5. f4 c5 6. Nf3 Nc6 7. Be2 d5 8. e5 Ne8 9. Nc3 Nc7 10. O-O b6 11. a4 d4 12. Ne4 Nd5 13. Bc1 Bf5 14. Bd2 Qd7 15. Qe1 Ncb4 16. Rc1 Qc6 17.
Nh4 Bxe4 18. dxe4 Nc3 19. Bxc3 dxc3 20. Bb5 Qb7 21. f5 Bxe5 22. Bc4 Kg7 23. Nf3 Qc7 24. Qh4 Bf6 25. Qg4 Rad8 26. Rfe1 Be5 27. Qh4 Bf4 28. e5 f6 29. Qxf4 Rd7 30. exf6+ exf6 31. Qxc7 Rxc7 32. fxg6 hxg6 33. Re6 Rd7 34. g4 Rfd8 35. g5 fxg5 36. Ne5 Rd1+ 37. Rxd1 Rxd1+ 38. Kf2 Nxc2 39. Rxg6+ Kh8 40.
Bd3 Rd2+ 41. Kg3 Nd4 42. Nf7+ Kh7 43. Rh6+ Kg7 44. Rh7+ Kf8 45. Ne5 c2 46. Bxc2 Rxc2 47. Rxa7 Rc3+ 48. Kg4 Rxb3 49. Kxg5 Nf3+ 50. Nxf3 Rxf3 51.
Rb7 Rb3 52. h4 c4 53. h5 c3 54. Rc7 b5 55. a5 b4 56. a6 Ra3 57. a7 c2 58. Rxc2 Rxa7 59. Rc8+ Kg7 60. Rb8 Kf7 61. Rxb4 Ra5+ 62. Kg4 Kg8 63. Rb7 Ra8 64. Kg5 Kh8 65.
Kg6 Rc8 66. h6 Ra8 67. Rh7+ Kg8 68. Rg7+ Kh8 69. Rf7 Rb8 70. Rf6 Ra8 71. h7 Rb8 72.
Kh6 1/2-1/2

[Event "*** Titled Tuesday Blitz"]
[Site "Chess.com"]
[Date "2020.04.14"]
[Round "1"]
[White "stoleriu"]
[Black "GMBenjaminBok"]
[Result "0-1"]
[WhiteElo "2470"]
[BlackElo "2877"]
[TimeControl "180+1"]
[EndTime "10:08:44 PDT"]
[Termination "GMBenjaminBok won by resignation"]

1. e4 c5 2. Nf3 d6 3. Bb5+ Nd7 4. d4 cxd4 5. Qxd4 a6 6. Bxd7+ Bxd7 7. c4 Nf6 8. Qd3 g6 9. Nc3 Bg7 10. O-O O-O 11. h3 b5 12. Be3 bxc4 13. Qxc4 Qb8 14. Qe2 Bb5 15. Nxb5 Qxb5 16. Qxb5 axb5 17. Nd2 Nd7 18.
a3 Bxb2 19. Rab1 Bxa3 20. Rxb5 Bc5 21. Bxc5 Nxc5 22. e5 Rfb8 23. Rxb8+ Rxb8 24. exd6 exd6 25. Rd1 d5 26. Nf3 Rd8 27. Rc1 Ne6 28. Kf1 Kg7 29.
g3 Kf6 30. Ke2 Ra8 31. Rc2 h6 32. Rd2 Ra5 33. h4 g5 34. hxg5+ hxg5 35. Nh2 Kf5 36.
Nf3 Rc5 37. Ne1 Ke4 38. f3+ Kf5 39. Ng2 Ra5 40. Ne3+ Ke5 41. Ng4+ Kd6 42. Ne3 Rb5 43. Nf5+ Ke5 44. Ne3 f5 45. g4 f4 46. Nf5 Rb3 47. Kf2 Nc5 48. Re2+ Kf6 49. Rd2 Rd3 50. Rc2 Ne6 51. Ke2 Ra3 52. Rd2 Ke5 53. Kf2 Nc5 54.
Re2+ Kf6 55. Rd2 Nd3+ 56. Ke2 Ne5 57. Rxd5 Nxf3 58. Rd6+ Kf7 59. Rc6 Ne5 60. Rb6 Nxg4 61. Rb7+ Kf6 62. Nd4 f3+ 63. Nxf3 Re3+ 64. Kd2 Rxf3 65.
Rb6+ Kf5 0-1

[Event "*** Titled Tuesday Blitz"]
[Site "Chess.com"]
[Date "2020.04.14"]
[Round "1"]
[White "VladimirBelous"]
[Black "Perimir"]
[Result "1-0"]
[WhiteElo "2815"]
[BlackElo "2430"]
[TimeControl "180+1"]
[EndTime "10:08:45 PDT"]
[Termination "VladimirBelous won by resignation"]

1. c4 e5 2. g3 Nc6 3. Bg2 g6 4. Nf3 Bg7 5. O-O f5 6. e3 Nf6 7. d4 d6 8. Nc3 O-O 9. b3 e4 10. Ne1 g5 11. f3 exf3 12. Nxf3 h6 13. Bd2 Qe7 14. d5 Ne5 15. Nd4 Nh7 16. Qc2 Bd7 17.
Nxf5 Bxf5 18. Rxf5 Rxf5 19. Qxf5 Rf8 20. Qe6+ Qxe6 21.
dxe6 c6 22. Rd1 Re8 23. Ne4 Rxe6 24. Bb4 Nf7 25. Nxd6 Nxd6 26. Rxd6 Rxe3 27. Rd7 Re2 28. Kf1 Rxa2 29. Rxb7 Ra1+ 30. Ke2 Ra2+ 31. Bd2 Bc3 32. Rd7 Nf6 33. Rd8+ Kf7 34. Bxc6 Rb2 35. Rd3 Bxd2 36. Rxd2 Rxb3 37. Ra2 Ke6 38. Kd2 a6 39. Kc2 Rb6 40. Bf3 Nd7 41. Ra5 Kd6 42. Rd5+ Kc6 43. Rxg5+ Kc7 44. Rd5 Rf6 45. Rd3 Nc5 46. Re3 a5 47.
Kc3 a4 48. Bd5 Kd6 49. Kb4 Rf1 50. Rf3 Rb1+ 51. Ka3 Rb3+ 52. Rxb3 axb3 53. Kb2 Ke5 54. Kc3 Kd6 55. Bf3 Ke5 56. Bd1 Ke4 57. Bxb3 Kf3 58. Bc2 Kg2 59. Kd4 Nd7 60. Bf5 Nb8 61. Kc5 Kxh2 62.
g4 Kg3 63. Kb6 Kf4 64. Kb7 h5 65. gxh5 Kxf5 66. Kxb8 1-0

[Event "*** Titled Tuesday Blitz"]
[Site "Chess.com"]
[Date "2020.04.14"]
[Round "1"]
[White "steepedgames"]
[Black "AtabayevSaparmyrat"]
[Result "1/2-1/2"]
[WhiteElo "2426"]
[BlackElo "2783"]
[TimeControl "180+1"]
[EndTime "10:08:45 PDT"]
[Termination "Game drawn by repetition"]

1. d4 Nf6 2. Nf3 d5 3. Bg5 Ne4 4. Bf4 c5 5. e3 Qb6 6. Qc1 Nc6 7. c3 Bf5 8. Nbd2 e6 9. a3 Be7 10. b4 cxb4 11. cxb4 Nxd2 12. Nxd2 a6 13. Be2 O-O 14. O-O Rfc8 15. Qb2 a5 16. b5 a4 17. Rac1 Na5 18. Rxc8+ Rxc8 19. Rc1 Qd8 20. b6 Rxc1+ 21. Qxc1 Qxb6 22.
Qc8+ Qd8 23. Qc3 Nc6 24. Bb5 Qa5 25. Qxa5 Nxa5 26. Bxa4 Bxa3 27. Bc7 Nc4 28. Nb3 Bd6 29. Bxd6 Nxd6 30. Nc5 Kf8 31. Kf1 Ke7 32. Ke1 b6 33. Na6 Bd3 34. Nb4 Bb5 35. Bc2 h6 36.
Kd2 Bf1 37. g3 Kd7 38. Kc3 Bb5 39. Bb3 Nc8 40. Bc2 Ne7 41. Bb1 Nc6 42. Nxc6 Bxc6 43. Kb4 f6 44. Bd3 e5 45. Bf5+ Kd6 46. Bd3 Bd7 47.
Ba6 exd4 48. exd4 Ke6 49. Bd3 g5 50. Bc2 Bc6 51. Bd3 Be8 52. Bc2 Bd7 53. Bd3 Kf7 54. Bc2 h5 55. Bd3 h4 56. Bc2 f5 57. Bd3 f4 58. Bc2 Kf6 59. Bd3 fxg3 60. fxg3 Bf5 61. Be2 Bd7 62. Bd3 Be8 63. Bc2 Bg6 64. Bd1 Kf5 65. Bc2+ Kf6 66. Bd1 Be8 67. Bc2 Bd7 68.
Bd3 1/2-1/2

[Event "*** Titled Tuesday Blitz"]
[Site "Chess.com"]
[Date "2020.04.14"]
[Round "1"]
[White "Ruchess27"]
[Black "ftorodent"]
[Result "0-1"]
[WhiteElo "2248"]
[BlackElo "2615"]
[TimeControl "180+1"]
[EndTime "10:08:45 PDT"]
[Termination "ftorodent won on time"]

1. d4 f5 2. Nf3 Nf6 3. c4 g6 4. g3 Bg7 5. Bg2 O-O 6. O-O d6 7. Nc3 Qe8 8. d5 a5 9. Nd4 Na6 10. b3 Bd7 11. Ne6 Bxe6 12. dxe6 c6 13. Be3 Nc7 14.
Bb6 Nxe6 15. Qc2 Nd7 16. Be3 Nd4 17. Qd2 e5 18. Rad1 Nc5 19. f4 Rd8 20. Bf2 Qe7 21.
e4 fxe4 22. Nxe4 Nxe4 23. Bxe4 Rde8 24. Rfe1 Qc7 25. h4 a4 26. bxa4 Qf7 27. c5 d5 28.
fxe5 Nf3+ 29. Bxf3 Qxf3 30. e6 Re7 31. Re3 Qg4 32.
Rde1 Qxa4 33. R3e2 Qc4 34. Qg5 Bf6 35. Qd2 Rfe8 36.
Qh6 Qg4 37. Qf4 Qxf4 38. gxf4 Kg7 39. Kg2 Bc3 40. Kf3 Bxe1 41. Bxe1 Rxe6 42. Bc3+ Kf7 43.
Be5 Ra8 44. Kg4 h5+ 45. Kg5 Ra3 46. Rb2 Rg3+ 47. Kh6 Re7 48. Kh7 Rg4 49. Rb6 Ke6+ 50. Kh6 Kf5 51. Bd6 Rf7 52. Rb3 Rxh4 53. Re3 Rxf4 54.
Bxf4 Kxf4 55. Re1 Rf6 56. Kg7 Rf5 57. Kxg6 Rg5+ 58. Kh6 Re5 59. Rf1+ Ke4 0-1

[Event "*** Titled Tuesday Blitz"]
[Site "Chess.com"]
[Date "2020.04.14"]
[Round "1"]
[White "viditchess"]
[Black "White_Ghost"]
[Result "1/2-1/2"]
[WhiteElo "2984"]
[BlackElo "2512"]
[TimeControl "180+1"]
[EndTime "10:08:46 PDT"]
[Termination "Game drawn by repetition"]

1. d4 d5 2. c4 c6 3. Nf3 Nf6 4. e3 Bf5 5. Nc3 e6 6. Nh4 Be4 7. f3 Bg6 8. Qb3 Qc7 9. Bd2 Nbd7 10. O-O-O dxc4 11. Bxc4 a6 12. Nxg6 hxg6 13. Kb1 b5 14. Be2 c5 15. Ne4 cxd4 16. exd4 Be7 17. Rc1 Qb7 18. Bd3 O-O 19. h4 Rac8 20. Ng5 Qd5 21. Qxd5 Nxd5 22. Rxc8 Rxc8 23. h5 gxh5 24. Rxh5 g6 25.
Rh1 Bf6 26. Rh4 N7b6 27. b3 Nc3+ 28. Ka1 Ncd5 29. Rg4 Nd7 30. Kb1 e5 31. Ne4 Bg7 32.
Rg3 exd4 33. f4 Nc3+ 34. Nxc3 dxc3 35. Bc1 Nc5 36. Bc2 Re8 37. f5 Re1 38. Re3 Rg1 39. Re8+ Kh7 40. fxg6+ fxg6 41. Re7 Rxg2 42. b4 Na4 43.
Re6 Nb2 44. Rxa6 Nc4 45. a4 Nd2+ 46. Bxd2 Rg1+ 47. Bc1 Bh6 48. Ka2 Rxc1 49. Kb3 bxa4+ 50. Rxa4 Rg1 51. Ra7+ Bg7 52. b5 Rg5 53. Rb7 Rg4 54. b6 Rf4 55. Rc7 Rf6 56. b7 Rb6+ 57. Kc4 Kh6 58.
Be4 Be5 59. Rc8 Kg5 60. Kd3 Rb3 61. Kc2 Rb2+ 62. Kd3 c2 63. Rxc2 Rxc2 64. Kxc2 Bb8 65. Bxg6 Kf6 66. Kd3 Ke7 67. Ke4 Kd8 68. Bf5 Kc7 69. Bc8 Ba7 70. Kf5 Kb8 71. Ke6 Bb6 72. Kf7 Bg1 73. Kg8 Bf2 74. Kh7 Bg1 75. Kg6 Bf2 76.
Kh5 Bg1 77. Kg4 Bf2 78. Kh3 Ba7 79. Kg4 Bb6 80. Kh5 Ba7 81. Kg4 Bb6 82. Kh3 Ba7 83.
Kg4 1/2-1/2

[Event "*** Titled Tuesday Blitz"]
[Site "Chess.com"]
[Date "2020.04.14"]
[Round "1"]
[White "Incognito_Knight"]
[Black "RestartingChess"]
[Result "1-0"]
[WhiteElo "2753"]
[BlackElo "2394"]
[TimeControl "180+1"]
[EndTime "10:08:46 PDT"]
[Termination "Incognito_Knight won by checkmate"]

1. d4 Nf6 2. c4 b6 3. Nc3 Bb7 4. Qc2 g6 5. e4 d6 6. Nf3 Bg7 7. Be2 O-O 8. O-O Nbd7 9. h3 e5 10. d5 a5 11. Be3 Ne8 12. a3 f5 13. Ng5 Qe7 14. Ne6 Rf7 15. exf5 gxf5 16. Bh5 f4 17. Bxf7+ Qxf7 18. Bd2 Nf8 19. Nxf8 Qxf8 20. f3 Bc8 21. b4 axb4 22. axb4 Rxa1 23. Rxa1 Bf5 24. Ne4 Nf6 25. Ra7 Bxe4 26. fxe4 Qb8 27. Qa4 Bf8 28. Qa6 b5 29. c5 Qd8 30. Ra8 Qe7 31.
cxd6 Qxd6 32. Qxd6 cxd6 33. Be1 Nxe4 34. Rb8 Kf7 35.
Rxb5 Nf6 36. Rb7+ Kg6 37. b5 Nxd5 38. Rb8 Be7 39. b6 Nxb6 40. Rxb6 Kf5 41. Bb4 Ke6 42. Ra6 Kd5 43. Kf2 Bg5 44. Rxd6+ Ke4 45. Ra6 h6 46. Ke2 Kf5 47. Be1 Ke4 48. Ra4+ Kf5 49. Ra5 Bf6 50.
Bc3 Ke4 51. Ra4+ Kf5 52. Ra5 Ke4 53. Rb5 h5 54. Ra5 h4 55. Rb5 Bg7 56. Be1 Bf6 57. Bf2 Kf5 58. Kf3 Be7 59. Be1 Bf6 60. Bc3 Bg7 61.
Bb2 Bf6 62. Bc1 Bg7 63. Bxf4 Bf6 64. Be3 Be7 65. Bf2 Bf6 66. Be1 Bg5 67. Bc3 Bf6 68. Bxe5 Bxe5 69. Rxe5+ Kxe5 70. Kg4 Kf6 71. Kxh4 Kg6 72.
Kg4 Kh6 73. h4 Kg6 74. h5+ Kh6 75. Kh4 Kh7 76. g4 Kg7 77. g5 Kh7 78. Kg4 Kg7 79. Kf5 Kh7 80. h6 Kh8 81. Kg6 Kg8 82. h7+ Kh8 83.
Kf7 Kxh7 84. g6+ Kh8 85. g7+ Kh7 86. g8=Q+ Kh6 87. Qg6# 1-0

[Event "*** Titled Tuesday Blitz"]
[Site "Chess.com"]
[Date "2020.04.14"]
[Round "1"]
[White "maxsergej"]
[Black "ZiggyStardust64"]
[Result "0-1"]
[WhiteElo "2240"]
[BlackElo "2605"]
[TimeControl "180+1"]
[EndTime "10:08:46 PDT"]
[Termination "ZiggyStardust64 won on time"]

1. e4 e6 2. d4 d5 3. Nd2 Be7 4. Bd3 c5 5. c3 cxd4 6. cxd4 dxe4 7. Nxe4 Nf6 8. Nf3 Bd7 9. O-O Bc6 10. Qe2 Nxe4 11. Bxe4 Bxe4 12. Qxe4 Nc6 13. Bf4 Qd5 14.
Qxd5 exd5 15. Rfe1 O-O 16. Rad1 Rfd8 17. Ne5 Nxe5 18.
Bxe5 Bb4 19. Rf1 Rac8 20. a3 Ba5 21. Rc1 Bb6 22. Rc3 f6 23. Bf4 Bxd4 24. Rd3 Bxb2 25. Rb3 Bd4 26. Rxb7 Bb6 27. h3 d4 28. Re1 Re8 29.
Rbe7 Rxe7 30. Rxe7 Rd8 31. Bd2 Rc8 32. Rd7 Rc2 33. Bb4 Rc1+ 34. Kh2 h5 35. g3 Rc2 36.
Kg2 Ra2 37. Kf3 Rb2 38. Rd6 Kf7 39. g4 hxg4+ 40. hxg4 Kg6 41. Rd7 Rb3+ 42. Ke2 d3+ 43. Rxd3 Rxd3 44. Kxd3 Bxf2 45. Ke4 Kg5 46. Kf3 Bb6 47.
a4 a6 48. Bf8 Kg6 49. Bd6 Kf7 50. Bb4 Ke6 51. Ke4 g6 52. Bf8 Bc7 53. Bb4 Bd6 54. Bc3 Be5 55. Bb4 f5+ 56. gxf5+ gxf5+ 57. Kd3 Kd5 58. Be7 Bd6 59. Bg5 Be5 60. Bd2 Kc5 61. Ke3 Kc4 62. Kf3 Kb3 63. a5 Kc4 64. Ke2 Kb5 65. Kf3 Bc7 66. Be3 Bxa5 67. Kf4 Bc3 68. Kxf5 a5 69.
Bc1 Kb4 70. Ke4 Kb3 71. Kd3 a4 0-1

[Event "*** Titled Tuesday Blitz"]
[Site "Chess.com"]
[Date "2020.04.14"]
[Round "1"]
[White "Casper_Schoppen"]
[Black "korbul"]
[Result "0-1"]
[WhiteElo "2993"]
[BlackElo "2519"]
[TimeControl "180+1"]
[EndTime "10:08:50 PDT"]
[Termination "korbul won on time"]

1. d4 Nf6 2. Nf3 b6 3. g3 Bb7 4. Bg2 g6 5. O-O Bg7 6. c4 O-O 7. h4 d6 8. Nc3 Ne4 9. h5 Nxc3 10.
bxc3 c5 11. Bg5 Nc6 12. Qd3 Na5 13. h6 Bf6 14. Bf4 Ba6 15. Nd2 Rc8 16. d5 Qd7 17. a4 Rcd8 18. e4 e5 19. Be3 Qe7 20.
Rfe1 Bg5 21. Bf1 f5 22. exf5 gxf5 23. f4 e4 24. Qe2 Bf6 25. Rac1 Kh8 26. Qh5 Bc8 27. Kf2 Qf7 28. Qxf7 Rxf7 29. Nb1 Bd7 30. Na3 Bxa4 31. Nb5 Bxb5 32. cxb5 Be7 33. c4 Nb3 34. Rcd1 Bf6 35. Be2 Nd4 36. Bh5 Re7 37. Rh1 Rg8 38. Rh3 Nc2 39. Bc1 Nb4 40. Ke2 Nd3 41. Be3 Nb2 42. Rc1 Na4 43. Kd2 Nb2 44. Rc2 Nd3 45. Ra2 Nb4 46. Ra4 Nd3 47. Ra2 Bd4 48. Be2 Bxe3+ 49.
Kxe3 Nb4 50. Ra4 Rg6 51. Kd2 Rf6 52. Ra3 Re8 53. Rh5 Rg8 54. Re3 Rgg6 55. Ra3 Rf7 56. Ra1 Rxg3 57. Rah1 Rg2 58. Rg5 Rxg5 59. fxg5 f4 60.
Bh5 Rf5 61. Rg1 f3 62. Ke3 Nd3 63. Be8 Ne5 64. Kf2 Nxc4 65. Bh5 e3+ 66. Kf1 f2 67.
Rh1 Nd2+ 68. Ke2 f1=Q+ 69. Rxf1 Nxf1 0-1